 Dungeon Crawl Stone Soup version 0.25.1-8-g42b30a86e7 (webtiles) character file.

Game seed: 10051927045653039425

12369 hawla the Thaumaturge (level 11, -32/67 HPs)
             Began as a Deep Elf Conjurer on Dec 15, 2020.
             Was an Elder of Vehumet.
             Annihilated by a death yak simulacrum (36 damage)
             ... in an ice cave on Dec 16, 2020.
             The game lasted 00:49:48 (15567 turns).

hawla the Thaumaturge (Deep Elf Conjurer)          Turns: 15567, Time: 00:49:48

Health: -32/67     AC:  4    Str: 10    XL:     11   Next: 61%
Magic:  36/36      EV: 19    Int: 23    God:    Vehumet [****..]
Gold:   541        SH: 10    Dex: 15    Spells: 14/31 levels left

rFire    . . .     SeeInvis .   u - staff of death
rCold    . . .     Gourm    .   I - +0 buckler
rNeg     + . .     Faith    .   a - +0 robe
rPois    .         Spirit   .   (no helmet)
rElec    .         Reflect  +   B - +0 cloak
rCorr    .         Harm     .   (no gloves)
MR       ++...                  l - +0 pair of boots
Stlth    ++++......             s - amulet "Qyhav" {Reflect MP+9 Str+4 SH+5}
HPRegen  0.21/turn              x - ring of stealth
MPRegen  0.25/turn              r - ring of protection from magic

@: no status effects
A: no striking features
a: Renounce Religion


You were in an ice cave.
You worshipped Vehumet.
Vehumet was greatly pleased with you.
You were hungry.

You visited 2 branches of the dungeon, and saw 13 of its levels.
You also visited: Ice Cave.

You collected 571 gold pieces.
You spent 30 gold pieces at shops.

Inventory:

Hand Weapons
 H - the +7 trident "Ihujygim" {vorpal, *Noise rN++ Dex+5}
   (You took it off a crimson imp on level 7 of the Dungeon)

   It inflicts extra damage upon your enemies.
   It affects your dexterity (+5).
   It greatly protects you from negative energy.
   It may make noises in combat.
Missiles
 b - 17 poisoned darts
 f - 8 silver boomerangs
 h - 15 boomerangs (quivered)
 m - 7 curare-tipped darts
Armour
 a - a +0 robe (worn)
 l - a +0 pair of boots (worn)
 B - a +0 cloak (worn)
 I - a +0 buckler (worn)
Magical Staves
 u - an uncursed staff of death (weapon)
 K - an uncursed staff of air
Jewellery
 e - an uncursed amulet of magic regeneration
 r - a ring of protection from magic (right hand)
 s - the amulet "Qyhav" (around neck) {Reflect MP+9 Str+4 SH+5}
   (You acquired it on level 11 of the Dungeon)

   [amulet of reflection]

   It shields you and reflects attacks.
   It affects your strength (+4).
   It affects your magic capacity (+9).
   It affects your SH (+5).
 x - a ring of stealth (left hand)
 G - an uncursed ring of wizardry
Wands
 i - a wand of random effects (42)
 w - a wand of clouds (4)
 A - a wand of acid (5)
Scrolls
 j - a scroll of magic mapping
 o - 2 scrolls of remove curse
 p - a scroll of vulnerability
 y - a scroll of fog
 C - 5 scrolls of identify
 E - a scroll of teleportation
Potions
 d - 5 potions of resistance
 k - a potion of invisibility
 n - 2 potions of flight
 q - a potion of berserk rage
 t - 2 potions of ambrosia
 v - a potion of curing
 z - a potion of mutation
 D - a potion of cancellation
 F - a potion of might
Comestibles
 c - 25 rations


   Skills:
 + Level 7.3 Fighting
 + Level 5.8 Staves
 - Level 10.0 Dodging
 - Level 6.0 Stealth
 - Level 4.0 Shields
 + Level 10.9 Spellcasting
 - Level 7.1 Conjurations
 - Level 5.0 Translocations
 + Level 0.0 Ice Magic
 + Level 1.0 Earth Magic
 - Level 4.0 Evocations


You had 14 spell levels left.
You knew the following spells:

 Your Spells              Type           Power        Failure   Level  Hunger
a - Magic Dart            Conj           ####         1%          1    None
b - Searing Ray           Conj           #####.       1%          2    None
c - Iskenderun's Mystic   Conj/Tloc      #####...     1%          4    None
d - Stone Arrow           Conj/Erth      ####..       1%          3    None
e - Frozen Ramparts       Ice            ##....       4%          3    None
f - Cause Fear            Hex            ##........   45%         4    None

Your spell library contained the following spells:

 Spells                   Type           Power        Failure   Level  Hunger
 Dazzling Flash           Conj/Hex       ####..       1%          3    None
 Fulminant Prism          Conj/Hex       ####......   3%          4    None
 Inner Flame              Hex/Fire       ##......     4%          3    None
 Corona                   Hex            ##.....      5%          1    None
 Portal Projectile        Hex/Tloc       ###...       5%          3    None
 Slow                     Hex            ##......     8%          2    None
 Yara's Violent Unravell  Hex/Tmut       ##........   34%         5    ####...
 Leda's Liquefaction      Hex/Erth       ##........   38%         4    None
 Silence                  Hex/Air        ##........   82%         5    ####...
 Discord                  Hex            ##........   100%        8    #######


Dungeon Overview and Level Annotations

Branches:
Dungeon (12/15)            Temple (1/1) D:5            Lair (0/6) D:11
    Orc (0/2) D:9           IceCv (1/1)

Altars:
Ashenzari
Cheibriados
Dithmenos
Elyvilon
Fedhas
Gozag
Hepliaklqana
Kikubaaqudgha
Makhleb
Nemelex Xobeh
Okawaru
Qazlal
Ru
Sif Muna
Trog
Uskayaw
Vehumet
Wu Jian
Xom
Yredelemnul
Zin
The Shining One

Shops:
D:8 *

Annotations:
D:11 exclusion: obsidian statue


Message History

The death yak simulacrum gores you. The death yak simulacrum freezes you!!
Casting: Searing Ray (safe; 1% risk of failure)
Confirm with . or Enter, or press ? or * to list all spells.
You erupt in a blast of force!
The mystic blast hits the death yak simulacrum.
The death yak simulacrum is moderately damaged.
The death yak simulacrum is knocked back by the mystic blast.
The mystic blast hits the death yak simulacrum.
The death yak simulacrum is severely damaged.
The death yak simulacrum is knocked back by the mystic blast.
The death yak simulacrum slams into the ice covered rock wall!
The mystic blast hits the death yak simulacrum but does no damage.
The death yak simulacrum gores you! The death yak simulacrum freezes you!!
* * * LOW HITPOINT WARNING * * *
It was a potion of magic.
Magic courses through your body. The death yak simulacrum gores you.
* * * LOW HITPOINT WARNING * * *
The death yak simulacrum freezes you!!!
Ouch! That really hurt!
You die...

##..
##...
#§§§#
§☼§##
#§§.#
##§Z.##
##.Z§Z.##
#...@...#
#.......#
##..∩..##
##...##
#####


You could see 3 death yak simulacra.

Vanquished Creatures
  A two-headed ogre (D:10)
  Nergalle (D:10)
  An ugly thing (D:11)
  An elephant (D:11)
  3 centaur skeletons
  A troll (D:11)
  A hornet (D:10)
  5 slime creatures
  3 hippogriffs
  2 wyverns
  A hungry ghost (D:11)
  17 yaks
  5 orc warriors
  A black bear (D:9)
  8 ice beasts (D:12)
  8 ogres
  2 sky beasts
  A phantom (D:4)
  3 centaurs
  2 crocodiles (D:11)
  6 bullfrogs
  6 big kobolds
  A water moccasin skeleton (D:6)
  2 scorpions
  2 howler monkeys (D:7)
  A centaur zombie (D:11)
  8 crimson imps
  3 jellies
  9 orc priests
  2 bullfrog skeletons
  A gnoll shaman (D:6)
  3 hounds
  4 iguanas
  2 worker ants
  Terence (D:3)
  11 orc wizards
  A wolf simulacrum (IceCv)
  2 hound zombies
  A worker ant zombie (D:8)
  9 gnolls
  5 adders
  A shadow imp (D:8)
  4 leopard geckos
  27 orcs
  4 giant cockroaches
  13 hobgoblins
  6 jackals
  5 quokkas
  2 ball pythons
  6 bats
  6 frilled lizards
  7 goblins
  26 kobolds
  2 leopard gecko skeletons
  9 rats
265 creatures vanquished.

Notes
Turn   | Place    | Note
-------+----------+-------------------------------------------
     0 | D:1      | hawla the Deep Elf Conjurer began the quest for the Orb.
     0 | D:1      | Reached XP level 1. HP: 10/10 MP: 6/6
   535 | D:1      | Reached XP level 2. HP: 16/16 MP: 4/8
   542 | D:1      | Learned a level 2 spell: Searing Ray
   601 | D:1      | Found a shattered altar of Ashenzari.
  1225 | D:2      | Reached skill level 1 in Fighting
  1319 | D:2      | Reached XP level 3. HP: 20/20 MP: 6/10
  2029 | D:3      | Noticed Terence
  2037 | D:3      | Killed Terence
  2037 | D:3      | Reached XP level 4. HP: 25/25 MP: 3/12
  2112 | D:2      | Learned a level 4 spell: Iskenderun's Mystic Blast
  2256 | D:3      | Found a shadowy altar of Dithmenos.
  2520 | D:2      | Reached skill level 1 in Translocations
  2925 | D:2      | Reached XP level 5. HP: 6/29 MP: 5/13
  3558 | D:3      | Reached XP level 6. HP: 35/35 MP: 12/15
  3925 | D:4      | Reached skill level 5 in Spellcasting
  4183 | D:4      | Reached skill level 5 in Conjurations
  5179 | D:4      | Reached XP level 7. HP: 35/40 MP: 10/16
  5454 | D:5      | Entered Level 5 of the Dungeon
  5836 | D:5      | You fall into a shaft and drop 2 floors!
  6035 | D:5      | Found a staircase to the Ecumenical Temple.
  6060 | Temple   | Entered the Ecumenical Temple
  6200 | Temple   | Became a worshipper of Vehumet
  6416 | D:5      | Reached skill level 5 in Translocations
  7146 | D:6      | Reached XP level 8. HP: 44/44 MP: 8/17
  7253 | D:6      | Reached skill level 1 in Evocations
  7579 | D:7      | Identified the +7 trident "Ihujygim" {vorpal, *Noise rN++
                  | Dex+5}
  7791 | D:7      | Reached skill level 5 in Dodging
  7791 | D:7      | Reached skill level 5 in Stealth
  7883 | D:7      | Reached * piety under Vehumet
  7883 | D:7      | Offered knowledge of Shock by Vehumet.
  7924 | D:7      | Reached skill level 1 in Staves
  8091 | D:7      | Found a shimmering blue altar of Sif Muna.
  8917 | D:8      | Reached XP level 9. HP: 27/52 MP: 18/21
  9167 | D:8      | Found Nimav's Assorted Antiques.
  9278 | D:8      | Bought a scroll labeled TOYVEP EGHIDERCH for 30 gold pieces
  9867 | D:9      | Reached ** piety under Vehumet
  9935 | D:9      | Found a basalt altar of Yredelemnul.
  9964 | D:9      | Offered knowledge of Sandblast by Vehumet.
 10006 | D:9      | Found a staircase to the Orcish Mines.
 10087 | D:9      | Reached skill level 5 in Fighting
 10440 | D:9      | Found an opulent altar of Gozag.
 10575 | D:9      | Reached XP level 10. HP: 59/59 MP: 17/24
 10857 | D:9      | Found a snail-covered altar of Cheibriados.
 10860 | D:9      | Found a shattered altar of Ashenzari.
 10934 | D:10     | Entered Level 10 of the Dungeon
 11063 | D:10     | Offered knowledge of Mephitic Cloud by Vehumet.
 11774 | D:10     | Reached skill level 1 in Shields
 12050 | D:10     | Noticed Nergalle
 12063 | D:10     | Killed Nergalle
 12063 | D:10     | Reached skill level 10 in Dodging
 12302 | D:11     | Reached *** piety under Vehumet
 12328 | D:11     | Identified a scroll of acquirement
 12328 | D:11     | Acquired the amulet "Qyhav" {Reflect MP+9 Str+4 SH+5}
 12653 | D:11     | Noticed an elephant
 12671 | D:11     | Killed an elephant
 12671 | D:11     | Reached XP level 11. HP: 46/66 MP: 12/26
 12797 | D:11     | Found a staircase to the Lair.
 12830 | D:11     | Noticed a brown ugly thing
 12840 | D:11     | Killed a brown ugly thing
 13023 | D:11     | Reached skill level 10 in Spellcasting
 13849 | D:11     | Offered knowledge of Stone Arrow by Vehumet.
 13849 | D:11     | Reached skill level 5 in Staves
 13854 | D:11     | Learned a level 3 spell: Stone Arrow
 13952 | D:11     | Noticed an obsidian statue
 14350 | D:11     | Noticed a two-headed ogre
 14361 | D:10     | Killed a two-headed ogre
 15439 | D:12     | Found a frozen archway.
 15445 | D:12     | Reached **** piety under Vehumet
 15450 | D:12     | Reached skill level 1 in Earth Magic
 15450 | D:12     | Offered knowledge of Frozen Ramparts by Vehumet.
 15485 | D:12     | Learned a level 3 spell: Frozen Ramparts
 15490 | D:12     | Learned a level 4 spell: Cause Fear
 15559 | IceCv    | Entered an ice cave
 15567 | IceCv    | Annihilated by a death yak simulacrum

Illustrated notes

Levels and vault maps discovered:
D:1:      giann_horns, layout_basic, ebering_dispersal_statue_hall,
          nicolae_ashenzari_panopticon
D:2:      layout_loops_ring
D:3:      layout_basic, nicolae_dithmenos_shadow_blocks, minmay_between,
          uniq_terence
D:4:      layout_basic
D:5:      cheibrodos_thug_alley, layout_cave_pools, minmay_temple_entry_ruins,
          first_ration
D:6:      layout_loops_ring
D:7:      layout_basic, kennysheep_mini_moat, grunt_decor_cap
D:8:      layout_loops_ring, serial_shops, shop
D:9:      layout_roguey, nicolae_overflow_hidden_temple,
          yredelemnul_altar_generic, orc_0_dummy, serial_rivers,
          chequers_serial_rivers_room_a, chequers_serial_rivers_small_b,
          chequers_serial_rivers_micro_a, chequers_serial_rivers_micro_b
D:10:     layout_grid_maze, uniq_nergalle
D:11:     layout_cave_pods, david_lair_generic, grunt_ogre_cave,
          minmay_statue_bubble
D:12:     minmay_connected_boxes_in_corner, layout_loops_ring, serial_shops,
          shop, portal_ice_cave_entry_ice_beasts
Temple:   nicolae_temple_elliptical
IceCv:    ice_cave_small_necro

Skill      XL: |  1  2  3  4  5  6  7  8  9 10 11 |
---------------+----------------------------------+-----
Fighting       | 1 2 3 5 6 7 |  7.3
Dodging        | 3 4 5 7 10 | 10.0
Stealth        | 3 4 5 6 |  6.0
Spellcasting   | 4 5 6 8 9 10 | 10.9
Translocations | 1 2 3 5 |  5.0
Conjurations   | 5 7 |  7.1
Evocations     | 2 3 4 |  4.0
Staves         | 1 3 4 5 |  5.8
Shields        | 2 4 |  4.0
Earth Magic    | 1 |  1.0

Action                   |  1- 3 |  4- 6 |  7- 9 | 10-12 || total
-------------------------+-------+-------+-------+-------++-------
Melee: Unarmed           |       |       |     8 |       ||     8
       Staff             |       |       |     3 |     3 ||     6
 Cast: Magic Dart        |    46 |    49 |   106 |    95 ||   296
       Searing Ray       |    17 |    34 |    69 |    87 ||   207
       Iskenderun's Myst |       |     1 |    12 |    54 ||    67
       Stone Arrow       |       |       |       |     3 ||     3
Evoke: Wand              |       |       |       |     4 ||     4
  Use: Scroll            |     1 |     3 |    12 |     5 ||    21
       Potion            |       |     4 |     4 |     3 ||    11
  Eat: Chunk             |     4 |     6 |    14 |    12 ||    36
       Ration            |       |     1 |     1 |     1 ||     3
Armor: Robe              |       |    10 |    12 |    11 ||    33
Dodge: Dodged            |     3 |    50 |    89 |    84 ||   226
Block: Buckler           |       |       |       |    35 ||    35
       Reflection        |       |       |       |     1 ||     1
